 Dungeon Crawl Stone Soup version 0.28-a0-1555-g9ae15a6949 (webtiles) character file.

Game seed: 10869443022278740508

6 parzival7114810 the Skirmisher (level 1, -1/20 HPs)
             Began as a Hill Orc Fighter on Jan 14, 2022.
             Frozen to death by an endoplasm (3 damage)
             ... on level 1 of the Dungeon on Jan 18, 2022.
             The game lasted 00:02:25 (286 turns).

parzival7114810 the Skirmisher (Hill Orc Fighter)    Turns: 286, Time: 00:02:25

Health: -1/20      AC:  6    Str: 18    XL:     1   Next: 90%
Magic:  1/1        EV:  9    Int:  8    God:
Gold:   22         SH:  4    Dex: 10    Spells: 0/0 levels left

rFire   . . .      SeeInvis .   a - +0 trident
rCold   . . .      Faith    .   c - +0 buckler
rNeg    . . .      Spirit   .   b - +0 scale mail
rPois   .          Reflect  .   (no helmet)
rElec   .          Harm     .   (no cloak)
rCorr   .          Rampage  .   (no gloves)
Will    .....                   (no boots)
Stlth   ..........              (no amulet)
HPRegen 0.06/turn               (no ring)
MPRegen 0.07/turn               (no ring)

@: no status effects
A: no striking features
a: no special abilities


You were on level 1 of the Dungeon.
You visited 1 branch of the dungeon, and saw 1 of its levels.

You collected 22 gold pieces.

Inventory:

Hand Weapons
 a - a +0 trident (weapon)
Armour
 b - a +0 scale mail (worn)
 c - a +0 buckler (worn)
Potions
 d - a potion of might


   Skills:
 + Level 3.7 Fighting
 + Level 2.2 Polearms
 + Level 3.5 Armour
 + Level 3.4 Shields


You couldn't memorise any spells.
You didn't know any spells.
Your spell library was empty.

Dungeon Overview and Level Annotations

Branches:
Dungeon (1/15)

Altars:


Message History

The hobgoblin hits you but does no damage. x3
Unknown command.
Unknown command.
You hit the hobgoblin.
You kill the hobgoblin!
The hobgoblin hits you.
Unknown command.
You block the hobgoblin's attack.
You see here a hobgoblin corpse.
Unknown command.
You hit the hobgoblin.
The hobgoblin is heavily wounded.
The hobgoblin hits you.
Unknown command.
Unknown command.
You closely miss the hobgoblin.
The hobgoblin is heavily wounded.
The hobgoblin hits you.
You hit the hobgoblin.
The hobgoblin is almost dead.
The hobgoblin closely misses you. The hobgoblin hits you.
Unknown command.
You puncture the hobgoblin!
You kill the hobgoblin!
Unknown command.
An endoplasm comes into view.
Found an escape hatch in the floor.
The endoplasm quivers.
A goblin comes into view. It is wielding a +0 dagger.
The goblin shouts!
The endoplasm freezes you.
You are frozen.
* * * LOW HITPOINT WARNING * * *
The endoplasm freezes you.
You are frozen.
* * * LOW HITPOINT WARNING * * *
You barely miss the endoplasm. The endoplasm freezes you.
You are frozen.
You die...

....#.......# #.###.#.#.##.†.#
....##....##...####.#.#.##..##
....#.#(..# ####........##.#.#
.......#..# #.###..####.....
....#.#.. #. #..# #######
....# ####.###.## ....#
#.....>..### ...##
.###.###......# ..#≈#
......g@J..##.# .#≈≈#
................. #####
...........##.### .###.###...#
# . #. ...... ## # ##...### #
#...# ###.#


You could see an endoplasm and a goblin.

Vanquished Creatures
  A dart slug (D:1)
  2 hobgoblins (D:1)
  A kobold (D:1)
4 creatures vanquished.

Notes
Turn   | Place    | Note
-------+----------+-------------------------------------------
     0 | D:1      | parzival7114810 the Hill Orc Fighter began the quest for
                  | the Orb.
     0 | D:1      | Reached XP level 1. HP: 19/19 MP: 1/1
    48 | D:1      | Upgraded the game from 0.28-a0-1510-gd0f6b136d3 to
                  | 0.28-a0-1555-g9ae15a6949
   286 | D:1      | Frozen to death by an endoplasm

Illustrated notes

Levels and vault maps discovered:
D:1:      psy_arrival_dodecagon, layout_loops_cross,
          chequers_ecumenical_altar_simple, minmay_misc_feat_hallway

Action                   || total
-------------------------++-------
Melee: Trident           ||    19
Armor: Scale mail        ||    12
Dodge: Dodged            ||    18
Block: Buckler           ||     6

Table legend: (Time is in decaauts)
 A = Elapsed time spent in this place.
 B = Non-inter-level travel time spent in this place.
 C = Inter-level travel time spent in this place.
 D = Time resting spent in this place.
 E = Time spent auto-exploring this place.
 F = Levels seen in this place.
 G = Mean time per level.
                   A        B        C        D        E       F      G
               +--------+--------+--------+--------+--------+-----+--------+
         Total |    290 |    284 |      6 |      0 |    107 |   1 |  290.0 |
       Dungeon |    290 |    284 |      6 |      0 |    107 |   1 |  290.0 |
               +--------+--------+--------+--------+--------+-----+--------+

Top non-repeatable levels by time:
     D:1: 290 daAuts
